 Dungeon Crawl Stone Soup version 0.16-a0-3641-g71d4c1b (webtiles) character file.

199267 mdk the Unseen (level 19, -41/125 HPs)
             Began as a Kobold Assassin on Sept 5, 2015.
             Was the Champion of Pakellas.
             Annihilated by a vampire knight
             ... wielding a +0 battleaxe
              (51 damage)
             ... on level 2 of the Vaults on Sept 7, 2015.
             The game lasted 02:36:15 (41026 turns).

mdk the Unseen (Kobold Assassin)                   Turns: 41026, Time: 02:36:15

Health: -41/125    AC: 12    Str: 10    XL:     19   Next: 17%
Magic:  45/45      EV: 32    Int:  9    God:    Pakellas [******]
Gold:   335        SH:  9    Dex: 25    Spells: 0 memorised, 18 levels left

rFire  . . .     SeeInvis .     a - +3 rapier (elec)
rCold  + . .     Clarity  .     X - +5 ring mail of Joy {+Twstr +Blink}
rNeg   . . .     SustAb   .     E - +0 buckler
rPois  .         Gourm    .     O - +0 hat of the Morning Star {+Rage Regen+ MP+9 Slay+3}
rElec  .         Spirit   .     d - +2 cloak
rCorr  .         Warding  .     L - -5 pair of gloves of Serendipity {rC+ MR+ Regen+}
rMut   .         Stasis   .     (no boots)
MR     ++...                    D - amulet of faith
Stlth  +++++++...               y - +4 ring of evasion
                                (no ring)

@: very resistant to hostile enchantments, extremely stealthy
A: carnivore 3
a: Minor Device Surge, Quick Charge, Device Surge, Major Device Surge, Renounce
Religion, Evoke Blink, Evoke Berserk Rage, Evoke Twister
}: 1/15 runes: barnacled


You were on level 2 of the Vaults.
You worshipped Pakellas.
Pakellas was exalted by your worship.
You were full.

You visited 6 branches of the dungeon, and saw 35 of its levels.
You also visited: Ossuary, Bailey, Ice Cave and Volcano.

You collected 4050 gold pieces.
You spent 3715 gold pieces at shops.

Inventory:

Hand weapons
 a - a +3 rapier of electrocution (weapon)
 b - a +0 blowgun
Missiles
 f - 8 curare-tipped needles
 n - 6 throwing nets (quivered)
 z - 10 poisoned tomahawks
Armour
 d - a +2 cloak (worn)
 E - a +0 buckler (worn)
 L - the -5 pair of gloves of Serendipity (worn) {rC+ MR+ Regen+}
   (You found it on level 7 of the Dungeon)

   It protects you from cold.
   It affects your resistance to hostile enchantments.
   It increases your rate of regeneration.
 O - the +0 hat of the Morning Star (worn) {+Rage Regen+ MP+9 Slay+3}
   (You bought it in a shop on level 8 of the Dungeon)

   It affects your accuracy and damage with ranged weapons and melee attacks
   (+3).
   It affects your magic capacity (+9).
   It lets you go berserk.
   It increases your rate of regeneration.
 X - the +5 ring mail of Joy (worn) {+Twstr +Blink}
   (You found it on level 5 of the Shoals)

   It lets you blink.
   It can be evoked to create a twister.
Rods
 i - a +4 rod of the swarm (13/13)
   (Pakellas gifted it to you on level 2 of the Shoals)
 r - a +2 lightning rod (12/12)
   (Pakellas gifted it to you on level 3 of the Orcish Mines)
 s - a +2 rod of destruction (10/10)
   (Pakellas gifted it to you on level 2 of the Lair of Beasts)
 I - a -1 rod of destruction (12/12)
   (You bought it in a shop on level 4 of the Orcish Mines)
Jewellery
 m - an uncursed ring of positive energy
 t - an uncursed ring of protection from cold
 w - an uncursed amulet of resist mutation
 y - a +4 ring of evasion (right hand)
 D - an amulet of faith (around neck)
Magical devices
 o - a wand of confusion (15)
 p - a wand of paralysis (12)
 q - a wand of invisibility (5)
 A - a wand of hasting (8)
 F - a wand of heal wounds (6)
 Q - a wand of confusion (25)
 U - a wand of teleportation (6)
 V - a wand of cold (9)
 Y - a wand of polymorph (2)
Scrolls
 e - a scroll of magic mapping
 j - 2 scrolls of blinking
 k - 8 scrolls of remove curse
 B - 5 scrolls of identify
 N - 2 scrolls of fog
Potions
 c - 18 potions of curing
 l - 6 potions of flight
 u - 2 potions of might
 x - a potion of magic
 C - 2 potions of haste
 G - 2 potions of berserk rage
 J - a potion of cancellation
 M - a potion of heal wounds
 P - 3 potions of agility
 S - a potion of ambrosia
Miscellaneous
 K - a fan of gales
 W - a phial of floods
 Z - a sack of spiders {used: 1}
Comestibles
 g - 18 meat rations
 H - 6 beef jerkies
 T - 11 slices of pizza


   Skills:
 * Level 16.0 Fighting
 - Level 14.2 Short Blades
 - Level 2.6 Throwing
 - Level 10.2 Armour
 * Level 15.7 Dodging
 * Level 16.7 Stealth
 - Level 9.0 Shields
 * Level 16.7 Evocations


You had 18 spell levels left.
You didn't know any spells.

Dungeon Overview and Level Annotations

Branches:
Dungeon (15/15)            Temple (1/1) D:4            Lair (8/8) D:9
 Shoals (5/5) Lair:6       Spider (0/5) Lair:5        Slime (0/6) Lair:6
    Orc (4/4) D:11            Elf (0/3) Orc:4        Vaults (2/5) D:14
 Depths (0/5) D:15
  Crypt: Vaults:2-3

Altars:
Ashenzari
Cheibriados
Dithmenos
Elyvilon
Fedhas
Gozag
Kikubaaqudgha
Makhleb
Nemelex Xobeh
Okawaru
Pakellas
Qazlal
Ru
Sif Muna
Trog
Vehumet
Xom
Yredelemnul
Zin
The Shining One
Beogh

Shops:
D:5 :   D:8 *   D:10 ?   D:14 *   Orc:1 *   Orc:2 (   Orc:4 %!%}   Shoals:1 *
Shoals:5 =?*   Vaults:1 %

Portals:
Trove: D:12 (show slimy rune of Zot)

Annotations:
Lair:8 exclusion: door
Shoals:2 exclusion: Roxanne, Roxanne
Shoals:5 Ilsuiw


Innate Abilities, Weirdness & Mutations

You are small and have problems with some larger weapons.
You are carnivorous and can eat meat at any time.


Message History

Deactivating autopickup; reactivate with Ctrl-A.
You barely miss something.
No target in view!
No target in view!
No target in view!
No target in view!
You hit something but do no damage.
You hear some strange, mumbled words.
Something tries to affect you, but you resist.
You hit something but do no damage.
There is a sudden explosion of sparks!
You closely miss something. Something hits you!!!
* * * LOW HITPOINT WARNING * * *
Something bites you!
* * * LOW HITPOINT WARNING * * *
Something draws strength from your injuries!
You puncture something!
The yaktaur simulacrum completely misses you.
You hit something but do no damage.
There is a sudden explosion of sparks!
Something hits you!!!
You die...

#... ## #... .
. #...##.# ...
#....#.#....
#.#.3.....#
#.##Z....##.
#...........#
####Z#########
#...{@.....#
#..........#
#..........#
#..........#
#......<...#
#..........#
#..........#
#..........#
#..........#


You could see a yaktaur simulacrum.

Vanquished Creatures
  Nikola (Shoals:4)
  The ghost of chadenator the Ingenious, a mighty TrMo of Pakellas (Vaults:1)
  A kraken (Shoals:5)
  An octopode crusher (Shoals:3)
  Rupert (D:14)
  Agnes (Shoals:4)
  A frost giant (IceCv)
  An orc warlord (Orc:2)
  3 vault wardens (Vaults:1)
  3 ironheart preservers (Vaults:1)
  A very ugly thing (Vaults:1)
  A deep elf demonologist (Vaults:1)
  A dire elephant (D:15)
  3 merfolk javelineers
  2 ogre magi
  8 merfolk impalers
  3 rakshasas (Vaults:1)
  3 yaktaur captains (Vaults:1)
  A vault guard (Vaults:1)
  7 hydras
  6 merfolk avatars
  4 centaur warriors
  2 death yaks
  A satyr (Shoals:5)
  A catoblepas (D:14)
  5 orc high priests
  Nergalle (D:15)
  A soul eater (Vaults:2)
  2 deep elf knights (Vaults:1)
  A skeletal warrior (D:14)
  A deep troll (Shoals:2)
  10 sea snakes
  A flayed ghost (D:14)
  A giant orange brain (Vaults:2)
  A wizard (Lair:8)
  5 unseen horrors
  Pikel (D:7)
  3 ironbrand convokers
  9 orc knights
  19 harpies
  4 hornets (Vaults:1)
  11 ugly things
  4 hill giants
  A deep elf conjurer (Vaults:1)
  2 wolf spiders
  3 orc sorcerers
  A faun (Shoals:4)
  A salamander (shapeshifter) (Vaults:1)
  6 cyclopes
  13 manticores
  An orb spider (Lair:5)
  15 griffons
  3 black mambas
  4 oklob plants
  6 sirens
  8 water nymphs
  4 vault sentinels (Vaults:1)
  2 molten gargoyles (Volcano)
  14 elephants (Lair:4)
  2 drowned souls (Shoals:2)
  9 spiny frogs
  2 torpor snails
  3 centaur skeletons (D:15)
  Psyche (Orc:4)
  2 kobold demonologists (D:12)
  A freezing wraith (Vaults:1)
  An efreet (D:15)
  A gargoyle (D:9)
  14 komodo dragons
  9 yaktaurs
  4 fire drakes
  2 deep elf priests (Vaults:1)
  9 trolls
  A polar bear (shapeshifter) (Vaults:1)
  2 wind drakes (Shoals:5)
  34 merfolk
  12 polar bears (IceCv)
  7 snapping turtles
  Grinder (D:5)
  13 slime creatures
  2 two-headed ogres (D:15)
  2 boulder beetles
  18 blink frogs
  2 basilisks
  A basilisk (shapeshifter) (D:14)
  A trapdoor spider (D:11)
  A vampire (D:12)
  16 humans
  2 deep elf magi
  A shadow (Vaults:2)
  A wyvern (D:12)
  3 water elementals
  A fire bat (Volcano)
  2 wraiths
  8 hippogriffs
  63 yaks
  A hog (D:10)
  2 deep elf fighters (Vaults:1)
  7 vampire mosquitoes
  The ghost of farough the Grave Robber, an average DsNe (D:4)
  39 wolves
  3 hungry ghosts
  4 mottled dragons
  11 water moccasins
  16 porcupines
  2 wargs
  47 orc warriors
  An eye of draining (D:13)
  15 ogres
  11 ice beasts
  A slave (D:7)
  A black bear (D:8)
  A wasp (D:15)
  A swamp drake (shapeshifter) (Vaults:1)
  3 phantoms
  3 sky beasts
  2 necrophages
  13 centaurs
  10 crocodiles
  Duvessa (D:5)
  17 giant frogs
  A boring beetle (Lair:4)
  An elf zombie (Ossuary)
  A big kobold (D:12)
  Blork the orc (D:6)
  A gnoll sergeant (D:6)
  A water moccasin zombie (D:5)
  2 wyvern skeletons
  3 scorpions
  13 killer bees
  21 wights
  5 electric eels
  A human simulacrum (Vaults:1)
  2 jellies
  Dowan (D:5)
  7 crimson imps
  3 centaur zombies
  A giant frog zombie (D:5)
  A gnoll shaman (D:4)
  8 iguanas
  A wasp zombie (D:10)
  A yaktaur simulacrum (Vaults:1)
  2 giant frog skeletons
  13 hounds
  Crazy Yiuf (D:5)
  4 human zombies
  Natasha (thrice) (D:5)
  53 orc priests
  44 orc wizards
  14 hell rats
  9 worker ants
  16 sheep
  2 big kobold zombies (Ossuary)
  A killer bee zombie (D:6)
  3 mummies
  8 gnolls
  59 river rats
  2 giant mites
  24 adders
  7 shadow imps
  An adder zombie (Ossuary)
  9 giant geckos
  2 oozes
  207 orcs
  3 ball pythons
  16 bats
  3 bat skeletons
  7 giant cockroaches
  26 goblins
  16 hobgoblins
  16 jackals
  22 kobolds
  4 giant newts
  4 giant spores
  2 goblin zombies (Ossuary)
  12 hobgoblin zombies (Ossuary)
  2 jackal zombies (Ossuary)
  8 kobold zombies (Ossuary)
  5 orc zombies (Ossuary)
  17 quokkas
  48 rats
  A rat zombie (Ossuary)
  2 spectral orcs (D:15)
  5 ballistomycetes
  A butterfly (Lair:7)
  4 tentacles (Shoals:5)
1473 creatures vanquished.

Vanquished Creatures (collateral kills)
  A merfolk javelineer (Shoals:5)
  The ghost of magicalfaerieponies the Fighter, a powerful MiFi of Pakellas (D:11)
  A satyr (Shoals:5)
  A hill giant (D:15)
  A spiny frog (Lair:2)
  2 merfolk
  A snapping turtle (Shoals:5)
  A human (D:14)
  An orc zombie (D:14)
10 creatures vanquished.

Vanquished Creatures (others)
  A merfolk impaler (Shoals:5)
  An air elemental (Shoals:5)
  11 drowned souls
  4 merfolk
  4 redbacks (Shoals:5)
  A water elemental (Shoals:5)
  3 vampire mosquitoes
  2 spiders
  2 wasps
  2 scorpions (Vaults:1)
  9 killer bees
  3 goliath beetles
  7 worker ants
  Ijyb (D:7)
  A river rat (Lair:7)
  3 worms (Shoals:5)
  2 orcs
  2 bats (D:7)
  2 butterflies
  6 fungi
  2 plants
  19 tentacles (Shoals:5)
  592 tentacle segments (Shoals:5)
680 creatures vanquished.

Grand Total: 2163 creatures vanquished

Notes
Turn   | Place    | Note
--------------------------------------------------------------
     0 | D:1      | mdk, the Kobold Assassin, began the quest for the Orb.
     0 | D:1      | Reached XP level 1. HP: 12/12 MP: 1/1
   260 | D:1      | Reached XP level 2. HP: 12/18 MP: 2/2
   715 | D:1      | Reached XP level 3. HP: 23/23 MP: 3/3
  1504 | D:2      | Reached XP level 4. HP: 26/28 MP: 4/4
  1851 | D:3      | Reached XP level 5. HP: 11/33 MP: 5/5
  2330 | D:3      | Reached skill level 5 in Short Blades
  2463 | D:3      | Found an iron altar of Okawaru.
  2755 | D:3      | Reached XP level 6. HP: 39/39 MP: 6/6
  2776 | D:3      | Reached skill level 5 in Fighting
  2840 | D:4      | Found a basalt altar of Yredelemnul.
  2892 | D:4      | Reached skill level 6 in Short Blades
  2951 | D:4      | Found a staircase to the Ecumenical Temple.
  2961 | Temple   | Entered the Ecumenical Temple
  3105 | D:4      | Reached XP level 7. HP: 34/44 MP: 7/7
  3107 | D:4      | Noticed farough's ghost (average DsNe)
  3143 | D:4      | Killed farough's ghost
  3143 | D:4      | Reached skill level 7 in Short Blades
  3908 | D:5      | Entered Level 5 of the Dungeon
  3932 | D:5      | Reached skill level 8 in Short Blades
  3932 | D:5      | Reached XP level 8. HP: 30/52 MP: 8/8
  4114 | D:5      | Found Ijasuulang's Book Shop.
  4138 | D:5      | Found a shattered altar of Ashenzari.
  4226 | D:5      | Found a snail-covered altar of Cheibriados.
  4336 | D:5      | Noticed Natasha
  4346 | D:5      | Killed Natasha
  4384 | D:5      | Found a sacrificial altar of Ru.
  4473 | D:5      | Noticed Natasha
  4482 | D:5      | Killed Natasha
  4604 | D:5      | Noticed Grinder
  4623 | D:5      | Killed Grinder
  4642 | D:5      | Noticed Crazy Yiuf
  4648 | D:5      | Killed Crazy Yiuf
  4800 | D:5      | Noticed Natasha
  4865 | D:5      | Noticed Duvessa
  4865 | D:5      | Noticed Dowan
  4880 | D:5      | Killed Duvessa
  4885 | D:5      | Killed Dowan
  4885 | D:5      | Reached XP level 9. HP: 33/57 MP: 9/9
  5133 | D:5      | Killed Natasha
  5176 | D:5      | Reached skill level 5 in Dodging
  5219 | D:6      | Noticed Blork the orc
  5223 | D:6      | Killed Blork the orc
  5257 | D:6      | Found a sand-covered staircase.
  5273 | Ossuary  | Entered an ossuary
  5673 | Ossuary  | Reached skill level 9 in Short Blades
  6617 | D:7      | Found a stormy altar of Qazlal.
  6765 | D:7      | Got a pair of bloodstained gloves
  6771 | D:7      | Identified the cursed -5 pair of gloves of Serendipity {rC+ MR+ Regen+} (You found it on level 7 of the Dungeon)
  6796 | D:7      | Noticed Pikel
  6817 | D:7      | Killed Pikel
  6817 | D:7      | Reached skill level 10 in Short Blades
  6817 | D:7      | Reached XP level 10. HP: 47/66 MP: 10/10
  6892 | D:7      | Reached skill level 1 in Evocations
  6913 | D:7      | Killed Ijyb
  7971 | D:8      | Found Obliymna's Assorted Antiques.
  7978 | D:8      | Bought a scorched hat for 252 gold pieces
  7988 | D:8      | Identified the +0 hat of the Morning Star {+Rage Regen+ MP+9 Slay+3} (You bought it in a shop on level 8 of the Dungeon)
  8064 | D:8      | Reached skill level 10 in Fighting
  8064 | D:8      | Reached skill level 11 in Short Blades
  8564 | D:9      | Noticed a gargoyle
  8574 | D:9      | Killed a gargoyle
  8808 | D:9      | Found a shadowy altar of Dithmenos.
  8818 | D:9      | Found a glowing golden altar of the Shining One.
  8818 | D:9      | Found a glowing silver altar of Zin.
  8823 | D:9      | Found a white marble altar of Elyvilon.
  8902 | D:9      | Found a deep blue altar of Sif Muna.
  8902 | D:9      | Noticed a manticore
  8906 | D:9      | Found a shimmering altar of Xom.
  8910 | D:9      | Found a blossoming altar of Fedhas.
  8914 | D:9      | Found an oddly glowing altar of Pakellas.
  8918 | D:9      | Became a worshipper of Pakellas the Inventive
  9000 | D:9      | Reached XP level 11. HP: 54/73 MP: 15/15
  9018 | D:9      | Found a flagged portal.
  9037 | Bailey   | Entered a bailey
  9200 | Bailey   | Noticed an orc knight
  9391 | Bailey   | Noticed an orc knight
  9448 | Bailey   | Killed an orc knight
  9536 | Bailey   | Killed an orc knight
  9649 | D:9      | Acquired Pakellas' first power
  9713 | D:9      | Found a staircase to the Lair.
  9781 | D:9      | Reached skill level 12 in Short Blades
 10243 | Lair:1   | Entered Level 1 of the Lair of Beasts
 10490 | Lair:1   | Acquired Pakellas' second power
 11175 | Lair:1   | Reached skill level 10 in Evocations
 11432 | Lair:2   | Reached XP level 12. HP: 80/80 MP: 25/25
 11443 | Lair:2   | Noticed a five-headed hydra
 11461 | Lair:2   | Killed a five-headed hydra
 11471 | Lair:2   | Acquired Pakellas' third power
 11522 | Lair:2   | Found a frozen archway.
 11565 | IceCv    | Entered an ice cave
 11775 | IceCv    | Reached skill level 5 in Shields
 12246 | IceCv    | Noticed a death yak
 12266 | IceCv    | Noticed a frost giant
 12300 | IceCv    | Killed a death yak
 12300 | IceCv    | Reached XP level 13. HP: 67/84 MP: 26/26
 12391 | IceCv    | Killed a frost giant
 13295 | Lair:2   | Received a gift from Pakellas
 13364 | Lair:2   | Identified a +2 rod of destruction (10/10) (Pakellas gifted it to you on level 2 of the Lair of Beasts)
 13561 | Lair:3   | Reached skill level 13 in Short Blades
 14619 | Lair:4   | Acquired Pakellas' fourth power
 14867 | Lair:4   | Reached skill level 14 in Short Blades
 15419 | Lair:4   | Reached skill level 10 in Dodging
 15671 | Lair:5   | Reached XP level 14. HP: 57/92 MP: 27/27
 15921 | Lair:5   | Found a hole to the Spider Nest.
 16536 | Lair:6   | Found a staircase to the Slime Pits.
 17341 | Lair:6   | Reached skill level 10 in Stealth
 17418 | Lair:6   | Found a staircase to the Shoals.
 17982 | Lair:8   | Entered Level 8 of the Lair of Beasts
 18434 | Lair:7   | Found an iron altar of Okawaru.
 19176 | Lair:8   | Found a shimmering altar of Xom.
 19648 | Lair:8   | Reached XP level 15. HP: 100/100 MP: 29/29
 20043 | Lair:8   | Found a burning altar of Makhleb.
 20351 | D:10     | Entered Level 10 of the Dungeon
 20520 | D:10     | Received a gift from Pakellas
 20616 | D:10     | Found Haogh's Magic Scroll Shoppe.
 21248 | D:11     | Noticed magicalfaerieponies' ghost (powerful MiFi)
 21272 | D:11     | Killed magicalfaerieponies' ghost
 21859 | D:11     | Found a staircase to the Orcish Mines.
 22263 | Orc:1    | Entered Level 1 of the Orcish Mines
 22291 | Orc:1    | Found Yxiusma's General Store.
 22295 | Orc:1    | Bought a +2 ring mail of fire resistance for 231 gold pieces
 22389 | Orc:1    | Found a dark tunnel.
 22446 | Volcano  | Entered a volcano
 22685 | Volcano  | Found a burning altar of Makhleb.
 23402 | Orc:2    | Found a bloodstained altar of Trog.
 23466 | Orc:2    | Noticed an orc warlord
 23541 | Orc:2    | Killed an orc warlord
 23983 | Orc:2    | Found a roughly hewn altar of Beogh.
 24440 | Orc:3    | Received a gift from Pakellas
 24997 | Orc:2    | Found Plut's Antique Weapon Emporium.
 25230 | Orc:4    | Entered Level 4 of the Orcish Mines
 25397 | Orc:4    | Noticed Psyche
 25427 | Orc:4    | Killed Psyche
 25596 | Orc:4    | Found a staircase to the Elven Halls.
 26542 | Orc:4    | Found Tayn's Gadget Shoppe.
 26542 | Orc:4    | Found Ruycupowe's Food Shoppe.
 26561 | Orc:4    | Found Wiofiz's Distillery.
 26561 | Orc:4    | Found Ughuitut's Food Emporium.
 26569 | Orc:4    | Bought a -1 rod of destruction (12/12) for 1280 gold pieces
 26569 | Orc:4    | Bought a phial of floods for 640 gold pieces
 27227 | D:12     | Found a portal to a secret trove of treasure.
 27746 | D:12     | Reached XP level 16. HP: 95/106 MP: 32/32
 28024 | D:13     | Received a gift from Pakellas
 28909 | D:14     | Noticed Rupert
 28953 | D:14     | Killed Rupert
 29128 | D:14     | Found a gate to the Vaults.
 29191 | D:14     | Found a shimmering altar of Xom.
 29191 | D:14     | Found a shimmering altar of Xom.
 29192 | D:14     | Found a shimmering altar of Xom.
 29197 | D:14     | Found a shimmering altar of Xom.
 29198 | D:14     | Found a shimmering altar of Xom.
 29408 | D:14     | Found Istreinub's General Store.
 29413 | D:14     | Bought an uncursed amulet of faith for 480 gold pieces
 29504 | D:14     | Reached skill level 15 in Evocations
 29664 | D:15     | Entered Level 15 of the Dungeon
 29668 | D:15     | Noticed Nergalle
 29677 | D:15     | Killed Nergalle
 30204 | D:15     | Reached skill level 15 in Stealth
 30387 | D:15     | Found a staircase to the Depths.
 30964 | Shoals:1 | Entered Level 1 of the Shoals
 30983 | Shoals:1 | Found Zubef's General Store.
 31682 | Shoals:1 | Reached skill level 15 in Fighting
 31936 | Shoals:1 | Reached skill level 1 in Armour
 31936 | Shoals:1 | Reached XP level 17. HP: 111/113 MP: 33/33
 32660 | Shoals:2 | You fall through a shaft!
 33397 | Shoals:2 | Reached skill level 5 in Armour
 33573 | Shoals:2 | Received a gift from Pakellas
 33580 | Shoals:2 | Identified a +4 rod of the swarm (13/13) (Pakellas gifted it to you on level 2 of the Shoals)
 33600 | Shoals:2 | Noticed Roxanne
 35778 | Shoals:4 | Noticed Nikola
 35788 | Shoals:4 | Killed Nikola
 35789 | Shoals:4 | Noticed Agnes
 35798 | Shoals:4 | Killed Agnes
 36221 | Shoals:5 | Entered Level 5 of the Shoals
 36221 | Shoals:5 | Found Vywk's General Store.
 36233 | Shoals:5 | Reached XP level 18. HP: 119/119 MP: 34/34
 36238 | Shoals:5 | Bought a scroll of acquirement for 832 gold pieces
 36239 | Shoals:5 | Got a pair of dazzling gloves
 36250 | Shoals:5 | Identified the -4 pair of gloves of Lies {+Rage rElec HP+9 SInv} (You acquired it on level 5 of the Shoals)
 36698 | Shoals:5 | Found Firakk's Jewellery Shop.
 36712 | Shoals:5 | Found Nulefa's Magic Scroll Shoppe.
 36822 | Shoals:5 | Reached skill level 10 in Armour
 37108 | Shoals:5 | Got a shimmering ring mail
 37109 | Shoals:5 | Identified the +5 ring mail of Joy {+Twstr +Blink} (You found it on level 5 of the Shoals)
 37898 | Shoals:5 | Got a barnacled rune of Zot
 38226 | Shoals:5 | Noticed Ilsuiw
 38731 | Vaults:1 | Entered Level 1 of the Vaults
 38766 | Vaults:1 | Found Twulirai's Food Shop.
 38953 | Vaults:1 | Reached skill level 16 in Evocations
 39338 | Vaults:1 | Reached skill level 15 in Dodging
 39419 | Vaults:1 | Received a gift from Pakellas
 39483 | Vaults:1 | Noticed chadenator's ghost (mighty TrMo)
 39617 | Vaults:1 | Killed chadenator's ghost
 40142 | Vaults:1 | Reached XP level 19. HP: 13/125 MP: 35/35
 41026 | Vaults:2 | Annihilated by a vampire knight

Action                   |  1- 3 |  4- 6 |  7- 9 | 10-12 | 13-15 | 16-18 | 19-21 || total
-------------------------+-------+-------+-------+-------+-------+-------+-------++-------
Melee: Dagger            |    85 |   180 |   366 |   253 |       |       |       ||   884
       Rapier            |       |       |   233 |   110 |  1053 |  2140 |   105 ||  3641
       Short sword       |       |       |       |   702 |  1348 |       |       ||  2050
       Rod               |       |       |       |       |     4 |       |       ||     4
 Fire: Blowgun           |     4 |    28 |    49 |   130 |   125 |     1 |       ||   337
Throw: Throwing net      |       |       |     1 |     2 |       |    13 |       ||    16
       Tomahawk          |       |       |     2 |    11 |       |    17 |       ||    30
Invok: Quick Charge      |       |       |       |       |     1 |     2 |       ||     3
 Abil: Evoke Berserk Rag |       |       |       |     2 |     2 |       |       ||     4
       Evoke Twister     |       |       |       |       |       |     1 |       ||     1
Evoke: Wand              |       |       |       |     1 |    30 |    30 |     6 ||    67
       Rod               |       |       |       |       |    42 |    85 |       ||   127
       Fan of gales      |       |       |       |       |     1 |     3 |       ||     4
       Phial of floods   |       |       |       |       |       |     2 |       ||     2
       Sack of spiders   |       |       |       |       |       |     1 |       ||     1
  Use: Scroll            |       |    12 |    10 |    10 |    16 |    24 |       ||    72
       Potion            |       |       |     3 |     2 |     1 |     4 |       ||    10
 Stab: Sleeping          |     8 |    11 |    23 |    24 |    80 |    45 |     1 ||   192
       Distracted        |       |     1 |     1 |     7 |    17 |    11 |     1 ||    38
       Held in net/web   |       |       |     1 |     2 |       |    10 |       ||    13
       Invisible         |       |       |       |     8 |       |       |       ||     8
       Paralysed         |       |       |       |     2 |     7 |     3 |     2 ||    14
       Fleeing           |       |       |       |     1 |     1 |     1 |       ||     3
       Confused          |       |       |       |       |       |     8 |       ||     8
  Eat: Chunk             |     4 |     9 |    14 |    20 |    56 |    50 |     4 ||   157
       Royal jelly       |       |       |       |       |     1 |       |       ||     1
       Meat ration       |       |       |       |       |       |     1 |       ||     1
